Map: Overgrown Facility

Players

OpuS - Winner!

  • Race: Protoss Protoss
  • League: Platinum
  • Spawn Location: 3:00

Sketchaphone - Winner!

  • Race: Zerg Zerg
  • League: Platinum
  • Spawn Location: 1:00

Zaaf

  • Race: Protoss Protoss
  • Spawn Location: 7:00

remigallard

  • Race: Protoss Protoss
  • Spawn Location: 9:00

VOD

Have the link to the VOD?

Description

Time

  • Played on: Feb. 23, 2019, 9:40 p.m.
  • Length: 10:38
Show
View Real Time Build Order
Export as new Build Order

OpuS Protoss - Winner!

Build Orders:  

Get SALT Encoding   

  12  0:01  Probe  
  13  0:13  Probe  
  14  0:22  Pylon  
  14  0:25  Probe  
  15  0:40  Probe  
  16  0:43  Gateway  
  16  0:52  Probe  
  16  0:55  Assimilator  
  16  0:57  Assimilator  
  17  1:04  Probe  
  18  1:15  Probe  
  19  1:22  Gateway  
  19  1:23  Probe  
  20  1:35  Cybernetics Core  
  20  1:38  Probe  
  20  1:49  Pylon  
  20  1:59  Probe  
  21  2:12  Stalker x2  
  21  2:13  Warp Gate  
  25  2:18  Probe  
  26  2:23  Pylon  
  26  2:30  Probe  
  26  2:35  Stalker x2  
  31  2:57  Probe, Stargate  
  32  3:12  Pylon  
  32  3:27  Shield Battery  
  32  3:40  Nexus  
  23  3:59  Probe  
  23  4:10  Oracle  
  24  4:36  Stalker x2  
  27  4:38  Probe  
  25  4:50  Probe  
  24  5:00  Stalker x2  
  24  5:07  Probe  
  29  5:11  Probe  
  30  5:19  Probe  
  32  5:28  Probe  
  32  5:31  Probe  
  33  5:38  Stalker x2  
  37  5:50  Probe  
  37  5:51  Probe  
  39  5:58  Void Ray  
  43  6:11  Probe  
  43  6:12  Probe  
  45  6:34  Probe x2  
  45  6:35  Stalker  
  45  6:36  Stalker  
  45  6:39  Gateway  
  51  6:53  Void Ray  
  55  7:03  Probe x2  
  57  7:16  Probe x2  
  59  7:26  Void Ray  
  55  7:31  Stalker  
  55  7:32  Stalker  
  55  7:33  Probe x2  
  57  7:40  Stalker  
  59  7:45  Probe  
  59  7:46  Probe  
  59  7:48  Assimilator  
  61  7:51  Assimilator  
  61  7:55  Pylon  
  61  7:58  Probe  
  62  8:07  Void Ray  
  62  8:14  Pylon  
  62  8:16  Pylon  
  62  8:19  Shield Battery  
  66  8:32  Stalker x2  
  70  8:40  Probe x2  
  72  8:48  Twilight Council  
  72  8:50  Pylon  
  72  8:52  Probe x2  
  72  8:53  Pylon  
  74  9:00  Stalker  
  33  10:03  Nexus  
  29  10:34  Pylon  
Show
View Real Time Build Order
Export as new Build Order

Sketchaphone Zerg - Winner!

Build Orders: Hatch First 

Get SALT Encoding   

  12  0:01  Drone  
  13  0:12  Overlord  
  13  0:21  Drone  
  14  0:23  Extractor  
  14  0:24  Drone  
  15  0:33  Drone  
  16  0:35  Drone  
  17  1:00  Hatchery  
  17  1:01  Drone  
  17  1:04  Drone  
  18  1:14  Extractor  
  17  1:20  Spawning Pool  
  16  1:49  Drone  
  16  1:50  Drone x2  
  19  2:01  Overlord  
  19  2:08  Queen  
  19  2:11  Overlord  
  21  2:15  Drone  
  21  2:20  Metabolic Boost  
  21  2:22  Zergling x2  
  23  2:26  Zergling x2  
  24  2:32  Zergling x2  
  24  2:34  Zergling x2  
  26  2:48  Zergling x4  
  28  2:53  Drone  
  28  2:56  Zergling x2  
  30  3:06  Zergling x2  
  30  3:07  Drone  
  30  3:09  Queen  
  34  3:23  Zergling x6  
  34  3:24  Zergling x4  
  39  3:36  Roach Warren  
  38  3:44  Pneumatized Carapace  
  38  3:52  Hatchery  
  26  4:26  Drone  
  26  4:29  Drone  
  28  4:31  Drone x2  
  29  4:47  Overlord  
  29  4:48  Evolution Chamber  
  28  4:55  Roach x3  
  28  4:56  Roach x4  
  42  5:10  Spore Crawler  
  40  5:16  Spore Crawler  
  40  5:19  Roach x2, Zerg Ground Armor Level 1  
  43  5:36  Queen  
  43  5:37  Overlord  
  43  5:38  Roach  
  43  5:40  Drone  
  48  5:55  Drone x3, Extractor  
  52  5:57  Roach  
  53  6:04  Ravager  
  53  6:05  Drone x3  
  56  6:27  Overlord, Drone  
  56  6:28  Overlord, Spore Crawler  
  56  6:37  Lair  
  56  6:39  Drone  
  57  6:41  Overlord  
  57  6:45  Overlord  
  50  7:15  Roach  
  50  7:16  Roach x3  
  50  7:18  Ravager x2  
  50  7:19  Zergling x14  
  49  7:50  Zerg Missile Weapons Level 1  
  49  7:51  Drone  
  49  7:52  Drone  
  49  7:54  Extractor  
  49  7:57  Extractor  
  49  8:01  Roach x2  
  49  8:02  Roach  
  49  8:03  Ravager  
  49  8:04  Zergling x16  
  64  8:12  Drone  
  65  8:13  Drone  
  66  8:24  Drone x2  
  57  8:49  Roach x3  
  57  8:50  Roach  
  57  8:51  Ravager x2  
  57  8:53  Zergling x16  
  75  9:04  Overlord  
  75  9:06  Hydralisk Den  
  72  9:43  Zergling x30  
  85  10:00  Drone  
Show
View Real Time Build Order
Export as new Build Order

Zaaf Protoss 

Build Orders:  

Get SALT Encoding   

  12  0:01  Probe  
  13  0:13  Probe  
  14  0:22  Pylon  
  14  0:25  Probe  
  15  0:40  Probe  
  16  0:43  Gateway  
  16  0:50  Assimilator  
  16  0:52  Probe  
  17  0:58  Pylon  
  17  1:06  Probe  
  18  1:18  Probe  
  18  1:30  Probe  
  19  1:42  Probe  
  19  1:46  Assimilator  
  20  1:53  Probe  
  20  1:57  Cybernetics Core  
  21  2:02  Probe  
  21  2:06  Pylon  
  22  2:10  Probe  
  22  2:13  Gateway  
  23  2:21  Probe  
  24  2:28  Warp Gate  
  24  2:33  Probe  
  24  2:35  Robotics Facility  
  25  2:42  Adept  
  27  2:48  Probe  
  28  3:04  Nexus  
  28  3:08  Adept  
  28  3:12  Probe  
  31  3:17  Stalker  
  33  3:24  Probe  
  33  3:25  Observer  
  35  3:36  Probe  
  36  3:46  Pylon  
  36  3:48  Probe  
  38  3:56  Observer  
  38  3:58  Adept  
  38  3:59  Adept  
  38  4:07  Pylon  
  42  4:24  Stalker x2  
  46  4:54  Adept x2  
  46  4:59  Probe  
  50  5:00  Probe  
  52  5:07  Probe  
  52  5:08  Probe  
  54  5:16  Pylon  
  54  5:17  Probe x2  
  54  5:19  Pylon, Assimilator  
  56  5:23  Assimilator  
  56  5:24  Adept x2  
  60  5:29  Probe x2  
  62  5:38  Pylon  
  62  5:41  Probe x2  
  54  5:53  Probe x2  
  50  6:05  Probe x2  
  51  6:17  Stalker x2, Probe x2  
  57  6:29  Probe x2  
  59  6:37  Forge  
  59  6:41  Probe x2  
  61  6:53  Probe x2  
  63  6:56  Stalker x2  
  67  7:02  Immortal  
  67  7:05  Probe  
  67  7:06  Probe  
  63  7:22  Photon Cannon  
  63  7:26  Photon Cannon  
  61  7:33  Adept x2  
  61  7:41  Immortal  
  61  7:54  Protoss Shields Level 1  
  61  8:07  Photon Cannon  
  61  8:10  Photon Cannon  
  61  8:12  Photon Cannon  
  61  8:35  Gateway  
  61  8:37  Gateway x2  
  55  8:43  Nexus  
  55  8:48  Stalker x2  
  47  8:53  Pylon  
  47  8:54  Immortal  
  47  8:55  Assimilator  
  47  8:58  Assimilator  
  51  9:21  Stalker x2  
  55  9:34  Stalker x3  
  61  9:40  Immortal  
  49  10:05  Stalker x2  
  49  10:06  Stalker x3  
  53  10:30  Zealot x3  
  53  10:31  Zealot x2  
  53  10:32  Gateway  
  53  10:33  Gateway  
Show
View Real Time Build Order
Export as new Build Order

remigallard Protoss 

Build Orders: Oracle Opening, Phoenix Opening 

Get SALT Encoding   

  12  0:02  Probe  
  13  0:20  Pylon  
  13  0:25  Probe  
  14  0:36  Probe  
  14  0:39  Gateway  
  15  0:44  Probe  
  15  0:45  Assimilator  
  16  0:52  Probe  
  17  1:09  Probe  
  17  1:17  Probe  
  19  1:26  Cybernetics Core, Probe  
  20  1:37  Pylon  
  20  1:38  Probe  
  21  1:41  Assimilator  
  21  1:57  Probe  
  22  2:04  Stargate  
  22  2:09  Probe  
  23  2:22  Gateway  
  23  2:27  Zealot  
  25  2:37  Oracle  
  28  2:55  Nexus  
  28  3:16  Oracle  
  31  3:29  Pylon  
  31  3:47  Stalker x2  
  35  3:53  Phoenix  
  30  4:34  Pylon  
  30  4:41  Probe  
  31  4:49  Probe  
  31  4:57  Probe  
  31  4:59  Pylon  
  32  5:02  Oracle  
  36  5:07  Probe  
  36  5:14  Probe  
  36  5:20  Warp Gate  
  37  5:22  Probe  
  38  5:28  Probe  
  38  5:32  Probe  
  40  5:37  Probe  
  41  5:44  Probe  
  41  5:46  Probe  
  43  5:54  Gateway  
  43  5:55  Gateway  
  43  5:57  Gateway  
  43  6:02  Void Ray  
  43  6:04  Probe  
  48  6:29  Forge  
  48  6:32  Pylon  
  48  6:35  Probe  
  48  6:36  Probe  
  48  6:38  Assimilator  
  50  6:41  Void Ray  
  50  6:42  Assimilator  
  50  6:43  Probe  
  54  6:47  Twilight Council  
  54  6:48  Probe  
  54  6:53  Probe  
  56  7:00  Probe  
  58  7:11  Pylon  
  58  7:12  Probe  
  58  7:25  Stalker x2  
  58  7:26  Pylon  
  62  7:57  Void Ray  
  66  8:08  Nexus  
  66  8:13  Nexus  
  66  8:16  Pylon  
  66  8:17  Pylon, Probe  
  66  8:18  Pylon  
  66  8:23  Assimilator  
  66  8:25  Probe  
  67  8:27  Assimilator  
  67  8:31  Assimilator  
  68  8:35  Probe  
  68  8:36  Assimilator  
  68  8:38  Stalker x2  
  68  8:39  Stalker  
  75  8:42  Stalker  
  77  9:09  Stalker x2  
  77  9:10  Stalker x2  
Tags
 
Add a new tag
Caveats
  • Supply blocks, unpowered buildings, or Contaminate may cause inaccurate times.
  • Supply counts are checked every 10 seconds.